 Dungeon Crawl Stone Soup version 0.24.0-13-gcf9b3192b9 (webtiles) character file.

Game seed: 3090405095890686856, levelgen mode: classic

21 EnegeticOcto the Chucker (level 2, -1/20 HPs)
             Began as an Octopode Hunter on Nov 5, 2019.
             Slain by a giant cockroach (2 damage)
             ... on level 2 of the Dungeon.
             The game lasted 00:00:34 (1210 turns).

EnegeticOcto the Chucker (Octopode Hunter)          Turns: 1210, Time: 00:00:35

Health: -1/20      AC:  1    Str: 11    XL:     2   Next: 83%
Magic:  2/2        EV: 13    Int: 13    God:
Gold:   37         SH:  0    Dex: 12    Spells: 1/1 levels left

rFire    . . .     SeeInvis .   a - +0 short sword
rCold    . . .     Gourm    .   (no shield)
rNeg     . . .     Faith    .   (helmet restricted)
rPois    .         Spirit   .   (no amulet)
rElec    .         Reflect  .   (no ring)
rCorr    .         Harm     .   (no ring)
MR       .....                  (no ring)
Stlth    +++.......             (no ring)
HPRegen  0.06/turn              (no ring)
MPRegen  0.08/turn              (no ring)
                                (no ring)
                                (no ring)

@: no status effects
A: almost no armour, stealthy swim, amphibious, 8 rings, constrict 8, camouflage
1, gelatinous body 1
a: no special abilities


You were on level 2 of the Dungeon.
You were hungry.

You visited 1 branch of the dungeon, and saw 2 of its levels.

You collected 37 gold pieces.

Inventory:

Hand Weapons
 a - a +0 short sword (weapon)
Missiles
 b - 6 javelins (quivered)
 c - 2 throwing nets {!f}
Scrolls
 d - a scroll of remove curse {@r2}
 g - a scroll of identify {@r1}
Potions
 h - a potion of brilliance
Comestibles
 e - a ration


   Skills:
 + Level 2.4 Fighting
 - Level 4.0 Throwing
 - Level 2.0 Dodging
 + Level 2.4 Stealth
 + Level 1.1 Unarmed Combat


You had one spell level left.
You didn't know any spells.
Your spell library was empty.

Dungeon Overview and Level Annotations

Branches:
Dungeon (2/15)

Altars:


Innate Abilities, Weirdness & Mutations

You cannot wear most types of armour.
You are very stealthy in the water. (Stealth+)
You are amphibious.
You can wear up to eight rings at the same time.
You can use your tentacles to constrict eight enemies at once.
Your skin changes colour to match your surroundings (Stealth+).
Your rubbery body absorbs attacks. (AC +1, EV +1)


Message History

You see here a naga barding.
Found 24 arrows.
You see here 24 arrows.
You see here 24 arrows.
There is a stone staircase leading down here.
A hobgoblin comes into view. It is wielding a +0 club.
Found 6 gold pieces.
A hobgoblin is nearby!
A hobgoblin is nearby!
You see here 6 gold pieces.
The helpless hobgoblin fails to defend itself.
You hit the hobgoblin. Your grab misses the hobgoblin.
Your squeeze misses the hobgoblin.
The hobgoblin is heavily wounded.
The hobgoblin misses you.
You barely miss the hobgoblin. Your grab misses the hobgoblin.
The hobgoblin is moderately wounded.
The hobgoblin closely misses you.
You hit the hobgoblin.
You kill the hobgoblin!
No target in view!
You now have 37 gold pieces (gained 6).
A bat comes into view.
A bat is nearby!
A bat is nearby!
Some of the chunks of flesh in your inventory have rotted away.
The helpless bat fails to defend itself.
You hit the bat.
You kill the bat!
No target in view!
No target in view!
No target in view!
Found a ring mail.
You see here a ring mail.
You see here a ring mail.
All of the chunks of flesh in your inventory have rotted away.
There is an escape hatch in the floor here.
You are feeling hungry.
You open the door.
You see here a whip.
Done exploring.
No target in view!
No target in view!
No target in view!
No target in view!
No target in view!
No target in view!
Done exploring.
Done exploring.
Okay, then.
As you read the scroll labeled JIK LIHAMODABB, it crumbles to dust.
It is a scroll of identify.
h - a potion of brilliance
As you read the scroll of identify {@r1}, it crumbles to dust.
d - a scroll of remove curse
(D) Dungeon
Where to? (? - help)
You see here a +0 club.
There is a stone staircase leading down here.
You climb downwards.
A bat, a quokka, 2 jackals, a giant cockroach and a goblin come into view.
Found 10 gold pieces and a scroll labeled YLANEBROZU.
Found an escape hatch in the floor.
Found a stone staircase leading down.
There is a stone staircase leading up here.
There are monsters nearby!
The jackal barks! x2; The goblin shouts!
You hit the quokka.
You kill the quokka!
The bat hits you. The jackal bites you. The bat misses you.
There is a stone staircase leading up here.
The giant cockroach barely misses you. The bat misses you.
The giant cockroach bites you.
You can't go up here!
The bat closely misses you. The jackal closely misses you.
The jackal completely misses you. The giant cockroach barely misses you.
The goblin closely misses you.
Found a ring mail.
You closely miss the jackal. Your grab misses the jackal.
The jackal closely misses you. x2; The giant cockroach barely misses you.
The jackal barely misses you. The goblin barely misses you.
You miss the jackal. Your grab misses the jackal.
The jackal closely misses you. x2
The giant cockroach bites you but does no damage.
The jackal bites you. The goblin hits you with a +0 club.
You hit the jackal but do no damage. You grab the jackal.
You constrict the jackal. The jackal bites you. The giant cockroach misses you.
The jackal misses you. The jackal bites you.
* * * LOW HITPOINT WARNING * * *
The giant cockroach bites you.
* * * LOW HITPOINT WARNING * * *
The goblin hits you with a +0 club.
* * * LOW HITPOINT WARNING * * *
You hit the jackal.
The jackal is heavily wounded.
You constrict the jackal, but do no damage.
The jackal barely misses you. The jackal bites you.
* * * LOW HITPOINT WARNING * * *
The giant cockroach bites you.
You die...

#........
#.........
#?........
#.$...>...
#.........
#.........
#.b.......
#hsh......
#.@g......
####......
.>....
..... ...[
.... #


You could see 2 jackals, a giant cockroach, a goblin and a bat.

Vanquished Creatures
  A dart slug (D:1)
  A leopard gecko (D:1)
  A ball python (D:1)
  3 bats (D:1)
  3 goblins (D:1)
  3 hobgoblins (D:1)
  A quokka (D:2)
  A kobold (D:1)
  2 rats (D:1)
16 creatures vanquished.

Notes
Turn   | Place    | Note
-------+----------+-------------------------------------------
     0 | D:1      | EnegeticOcto the Octopode Hunter began the quest for the
                  | Orb.
     0 | D:1      | Reached XP level 1. HP: 14/14 MP: 1/1
   337 | D:1      | Reached XP level 2. HP: 17/19 MP: 2/2
   617 | D:1      | Reached skill level 1 in Unarmed Combat
  1210 | D:2      | HP: 1/20 [jackal (3)]
  1210 | D:2      | Slain by a giant cockroach

Levels and vault maps discovered:
D:1:      evilmike_arrival_hilbert_curve, layout_basic
D:2:      layout_rooms, st_stairs_3, cheibrodos_gnoll_hut

Skill      XL: |  1  2 |
---------------+-------+-----
Stealth        | 2 |  2.4
Unarmed Combat | 1 |  1.1
Fighting       | |  2.4
Throwing       | |  4.0
Dodging        | |  2.0

Action                   || total
-------------------------++-------
Melee: Short sword       ||    36
       Constrict         ||    10
       Tentacles         ||     5
  Use: Scroll            ||     2
 Stab: Sleeping          ||     3
Armor: Skin              ||     3
Dodge: Dodged            ||    36
